Punishers vs Marlies
Created - March 21, 2022 at 19:41
Goals
|
| Punishers |
1 |
3 |
1 |
5 |
| Marlies |
1 |
1 |
1 |
3 |
|
Shots
|
| Punishers |
10 |
10 |
14 |
34 |
| Marlies |
10 |
4 |
11 |
25 |
|
1st period
1. Marlies , Brett Pesce 4 (Logan Brown 5, JT Compher 20) at 2:38
2. Punishers , Tyler Bertuzzi 20 (Zack Hamill 37, Fredrik Claesson 4) at 15:18
Penalties :
Aleksi Saarela (Tor) for Interference (Minor) at 5:07, Fredrik Claesson (Pro) for Roughing (Minor) at 9:50
2nd period
3. Punishers , Tyler Bertuzzi 21 (Zack Hamill 38, Artem Zub 20) at 8:41
4. Marlies , Aleksi Saarela 16 (Neal Pionk 30, Shane Prince 9) at 9:16
5. Punishers , Tyler Bertuzzi 22 (Zack Hamill 39) at 11:37
6. Punishers , Chrstian Dvorak 8 (Carter Ashton 11, Radek Faksa 25) at 19:18 (PP)
Penalties :
Ben Betker (Pro) for Hooking (Minor) at 1:15, Noah Juulsen (Pro) for Goalie Interference (Minor) at 13:01, Johan Larsson (Tor) for Tripping (Minor) at 18:17
3rd period
7. Marlies , Nick Ritchie 30 (Pavel Zacha 30) at 0:06
8. Punishers , Corey Tropp 25 (Zack Hamill 40, Tyler Bertuzzi 24) at 7:02
Penalties :
Aleksi Saarela (Tor) for Goalie Interference (Minor) at 1:38, Corey Tropp (Pro) for Hooking (Minor) at 11:03, Nikita Gusev (Pro) for High sticking (Minor) at 18:03
Goalie Stats
Louis Domingue (Pro), 22 saves from 25 shots - (0.880), W, 16-14-4, 60:00 minutes
Charlie Lindgren (Tor), 29 saves from 34 shots - (0.853), L, 10-8-1, 60:00 minutes
Players Stats for Punishers
Player Name G A P +/- PIM S H SB GA TA FO MP PP MP PK MP
------------------------------------------------------------------------------------
Alex Schoenborn 0 0 0 0 0 0 0 0 0 0 0/0 4:26 0:08 0:00
Alexander Nylander 0 0 0 0 0 0 0 0 0 0 0/0 0:33 0:08 0:00
Anton Blidh 0 0 0 1 0 3 2 2 0 0 0/0 14:53 0:00 1:49
Artem Zub 0 1 1 1 0 2 2 1 1 0 0/0 26:58 2:55 5:05
Austen Brassard 0 0 0 0 0 2 1 0 1 0 0/0 10:31 0:00 0:00
Austin Wagner 0 0 0 0 0 0 0 0 0 0 0/0 1:03 0:00 0:24
Beck Malenstyn 0 0 0 0 0 0 0 0 0 0 0/0 0:00 0:00 0:00
Ben Betker 0 0 0 1 2 1 2 2 1 3 0/0 27:31 2:55 5:06
Carter Ashton 0 1 1 -1 0 1 0 0 1 0 0/0 13:52 2:20 0:00
Chrstian Dvorak 1 0 1 -1 0 1 2 1 0 0 0/0 13:52 2:20 0:00
Connor Clifton 0 0 0 2 0 2 1 2 0 0 0/0 13:07 0:00 2:08
Corey Tropp 1 0 1 3 2 2 3 0 0 0 1/3 22:52 2:36 4:17
Daniel Audette 0 0 0 -1 0 0 0 0 0 0 1/4 5:31 0:00 0:46
Fredrik Claesson 0 1 1 -2 2 0 2 2 1 1 0/0 21:16 2:04 3:40
Gabriel Gagne 0 0 0 0 0 0 1 0 0 0 0/0 3:09 0:00 2:09
John Quenneville 0 0 0 0 0 2 2 0 1 0 3/4 10:31 0:00 0:00
Michael Joly 0 0 0 -1 0 2 1 0 0 0 0/0 4:45 0:00 0:00
Nicolas Roy 0 0 0 0 0 0 0 0 0 0 0/0 0:00 0:00 0:00
Nikita Gusev 0 0 0 0 2 1 0 0 0 0 0/0 10:30 0:00 0:00
Noah Juulsen 0 0 0 -2 2 0 1 2 0 1 0/0 21:34 2:04 3:45
Radek Faksa 0 1 1 -1 0 1 2 1 0 1 7/13 17:34 2:20 2:21
Tyler Bertuzzi 3 1 4 3 0 8 3 2 0 0 2/5 21:29 2:31 2:21
Zack Hamill 0 4 4 3 0 6 1 0 1 0 26/36 24:06 2:34 5:37
Players Stats for Marlies
Player Name G A P +/- PIM S H SB GA TA FO MP PP MP PK MP
------------------------------------------------------------------------------------
Aleksi Saarela 1 0 1 0 4 3 1 1 0 2 7/15 13:25 0:00 0:19
Brett Pesce 1 0 1 0 0 3 1 0 1 0 0/0 19:24 4:00 1:31
Colton Sissons 0 0 0 0 0 0 2 0 0 0 2/8 14:29 4:34 2:14
Haydn Fleury 0 0 0 -1 0 1 2 0 0 1 0/0 28:03 5:52 3:23
Jeff Corbett 0 0 0 0 0 0 0 1 0 0 0/0 17:26 4:00 0:05
Johan Larsson 0 0 0 0 2 0 1 0 0 0 0/0 8:30 0:11 0:30
JT Compher 0 1 1 0 0 1 2 1 1 0 0/0 17:22 4:34 0:00
Linden Vey 0 0 0 0 0 2 1 0 1 0 1/1 10:02 0:08 2:03
Logan Brown 0 1 1 1 0 1 0 0 0 0 0/3 8:43 0:00 0:00
Lucas Carlsson 0 0 0 0 0 0 1 2 0 1 0/0 12:07 0:00 0:00
Mathieu Olivier 0 0 0 1 0 0 1 2 0 0 0/0 8:43 0:00 0:00
Neal Pionk 0 1 1 -1 0 4 4 5 1 1 0/0 26:27 5:52 1:31
Nicholas Baptiste 0 0 0 -2 0 5 0 0 1 1 0/1 22:15 5:07 1:27
Nick Ritchie 1 0 1 -2 0 5 1 0 1 0 0/0 23:23 5:10 2:26
Pavel Zacha 0 1 1 -2 0 0 3 0 0 0 15/36 22:01 5:18 0:59
Shane Prince 0 1 1 0 0 0 2 0 0 1 0/1 17:22 4:34 0:00
Tim Erixon 0 0 0 0 0 0 1 0 0 0 0/0 16:33 0:00 3:28
Tyler Benson 0 0 0 1 0 0 2 0 0 0 0/0 8:43 0:00 0:00
3 Stars
1 - Tyler Bertuzzi (Pro)
2 - Zack Hamill (Pro)
3 - Corey Tropp (Pro)
Power Play
Punishers - 1 on 3 Attempt(s) - 33.33%
Marlies - 0 on 5 Attempt(s) - 0.00%
Penalty Kill
Punishers - 5 on 5 Attempt(s) - 100.00%
- Score 0 goal in Penalty Kill
Marlies - 2 on 3 Attempt(s) - 66.67%
- Score 0 goal in Penalty Kill
Team Stat
Punishers - Hits : 26 - Faceoff Wins : 40 - Blocked Shots : 15 - Penalty Minutes : 10
Marlies - Hits : 25 - Faceoff Wins : 25 - Blocked Shots : 12 - Penalty Minutes : 6
Official
Referees : Brandon Schrader and Wes McCauley
Linesman : Ryan Daisy and Devin Berg
Game Notes
Tyler Bertuzzi has scored a Hat Trick!
Finance
Level 1 -- Attendance: 1822 (91.10%) -- Ticket Income $63,770
Level 2 -- Attendance: 909 (90.90%) -- Ticket Income $13,635
Total Attendance: 2731 (91.03%)
Total Ticket Income: $77,405
Other Income: $3,870
Total Income: $81,275
Punishers
5 vs 5 Forward
Center Left Wing Right Wing Time % Phy DF OF
1 Zack Hamill Tyler Bertuzzi Corey Tropp 40 1 2 2
2 Radek Faksa Chrstian Dvorak Carter Ashton 30 1 2 2
3 John Quenneville Nikita Gusev Austen Brassard 20 1 2 2
4 Daniel Audette Anton Blidh Michael Joly 10 1 2 2
5 vs 5 Defense
Defense Defense Time % Phy DF OF
1 Ben Betker Artem Zub 40 1 2 2
2 Noah Juulsen Fredrik Claesson 30 1 2 2
3 Connor Clifton Anton Blidh 20 1 2 2
4 Ben Betker Artem Zub 10 1 2 2
PowerPlay Forward
Center Left Wing Right Wing Time % Phy DF OF
1 Zack Hamill Tyler Bertuzzi Corey Tropp 60 1 2 2
2 Radek Faksa Chrstian Dvorak Carter Ashton 40 1 2 2
PowerPlay Defense
Defense Defense Time % Phy DF OF
1 Ben Betker Artem Zub 60 1 2 2
2 Noah Juulsen Fredrik Claesson 40 1 2 2
Penalty Kill 4 Players Forward
Center Wing Time % Phy DF OF
1 Zack Hamill Corey Tropp 60 1 2 2
2 Tyler Bertuzzi Radek Faksa 40 1 2 2
Penalty Kill 4 Players Defense
Defense Defense Time % Phy DF OF
1 Ben Betker Artem Zub 60 1 2 2
2 Noah Juulsen Fredrik Claesson 40 1 2 2
Penalty Kill - 3 Players Forward
Forward Time % Phy DF OF
1 Zack Hamill 60 1 2 2
2 Corey Tropp 40 1 2 2
Penalty Kill - 3 Players Defense
Defense Defense Time % Phy DF OF
1 Ben Betker Artem Zub 60 1 2 2
2 Noah Juulsen Fredrik Claesson 40 1 2 2
4 vs 4 Forward
Center Wing Time % Phy DF OF
1 Zack Hamill Corey Tropp 60 1 2 2
2 Tyler Bertuzzi Radek Faksa 40 1 2 2
4 vs 4 Defense
Defense Defense Time % Phy DF OF
1 Ben Betker Artem Zub 60 1 2 2
2 Noah Juulsen Fredrik Claesson 40 1 2 2
Last Minutes Offensive
Center Left Wing Right Wing Defense Defense
Zack Hamill Tyler Bertuzzi Corey Tropp Ben Betker Artem Zub
Last Minutes Defensive
Center Left Wing Right Wing Defense Defense
Zack Hamill Tyler Bertuzzi Corey Tropp Ben Betker Artem Zub
Goaltenders
Starting : Louis Domingue
Backup : Daniel Altshuller
Extra Forwards
Normal : Alex Schoenborn, Alexander Nylander, Gabriel Gagne - PP : Alex Schoenborn, Alexander Nylander - PK : Gabriel Gagne
Extra Defensemen
Normal : Connor Clifton, Noah Juulsen, Fredrik Claesson - PP : Connor Clifton - PK : Noah Juulsen, Fredrik Claesson
Penalty Shots
Zack Hamill, Corey Tropp, Tyler Bertuzzi, Radek Faksa, Carter Ashton
Scratches
Niko Mikkola (Sore Right Knee Injury), Connor Ingram (Healthy)
Marlies
5 vs 5 Forward
Center Left Wing Right Wing Time % Phy DF OF
1 Pavel Zacha Nick Ritchie Nicholas Baptiste 40 1 2 2
2 Aleksi Saarela Shane Prince JT Compher 30 1 2 2
3 Colton Sissons Johan Larsson Linden Vey 20 1 2 2
4 Logan Brown Tyler Benson Mathieu Olivier 10 1 2 2
5 vs 5 Defense
Defense Defense Time % Phy DF OF
1 Haydn Fleury Neal Pionk 40 1 2 2
2 Tim Erixon Brett Pesce 30 1 2 2
3 Jeff Corbett Lucas Carlsson 20 1 2 2
4 Haydn Fleury Neal Pionk 10 1 2 2
PowerPlay Forward
Center Left Wing Right Wing Time % Phy DF OF
1 Pavel Zacha Nick Ritchie Nicholas Baptiste 60 1 2 2
2 Colton Sissons Shane Prince JT Compher 40 1 2 2
PowerPlay Defense
Defense Defense Time % Phy DF OF
1 Haydn Fleury Neal Pionk 60 1 2 2
2 Jeff Corbett Brett Pesce 40 1 2 2
Penalty Kill 4 Players Forward
Center Wing Time % Phy DF OF
1 Colton Sissons Nick Ritchie 60 1 2 2
2 Aleksi Saarela Linden Vey 40 1 2 2
Penalty Kill 4 Players Defense
Defense Defense Time % Phy DF OF
1 Haydn Fleury Tim Erixon 60 1 2 2
2 Neal Pionk Brett Pesce 40 1 2 2
Penalty Kill - 3 Players Forward
Forward Time % Phy DF OF
1 Colton Sissons 60 1 2 2
2 Aleksi Saarela 40 1 2 2
Penalty Kill - 3 Players Defense
Defense Defense Time % Phy DF OF
1 Haydn Fleury Tim Erixon 60 1 2 2
2 Neal Pionk Brett Pesce 40 1 2 2
4 vs 4 Forward
Center Wing Time % Phy DF OF
1 Pavel Zacha Nick Ritchie 60 1 2 2
2 Colton Sissons Nicholas Baptiste 40 1 2 2
4 vs 4 Defense
Defense Defense Time % Phy DF OF
1 Haydn Fleury Neal Pionk 60 1 2 2
2 Tim Erixon Brett Pesce 40 1 2 2
Last Minutes Offensive
Center Left Wing Right Wing Defense Defense
Colton Sissons Nick Ritchie Linden Vey Haydn Fleury Tim Erixon
Last Minutes Defensive
Center Left Wing Right Wing Defense Defense
Colton Sissons Nick Ritchie Linden Vey Haydn Fleury Tim Erixon
Goaltenders
Starting : Charlie Lindgren
Backup : Malcolm Subban
Extra Forwards
Normal : Nicholas Baptiste, Johan Larsson, Shane Prince - PP : Nicholas Baptiste, Johan Larsson - PK : Nicholas Baptiste
Extra Defensemen
Normal : Brett Pesce, Jeff Corbett, Lucas Carlsson - PP : Brett Pesce - PK : Brett Pesce, Jeff Corbett
Penalty Shots
Linden Vey, Nick Ritchie, JT Compher, Colton Sissons, Nicholas Baptiste
Scratches
Brycen Martin (Healthy), Dennis Gilbert (Healthy), Henri Ikonen (Healthy), Jaden Lindo (Healthy), Jakob Forsbacka-Karlsson (Healthy)
Radovan Bondra (Healthy), Simon Bourque (Healthy), Tobias Lindberg (Healthy), Zack MacEwen (Healthy), Otto Koivula (Healthy)
Jamie Phillips (Healthy)
% Time on Ice - Punishers
Lines # - Real PCT - Wanted PCT - Time Play
Normal Forward
1 - 37% - 40% - 16:40
2 - 29% - 30% - 13:13
3 - 23% - 20% - 10:31
4 - 11% - 10% - 4:45
Normal Defense
1 - 41% - 40% - 18:44
2 - 31% - 30% - 13:50
3 - 24% - 20% - 10:41
4 - 4% - 10% - 1:54
PP Forward
1 - 53% - 60% - 2:39
2 - 47% - 40% - 2:20
PP Defense
1 - 59% - 60% - 2:55
2 - 41% - 40% - 2:04
PK Forward
1 - 76% - 60% - 7:31
2 - 24% - 40% - 2:21
PK Defense
1 - 61% - 60% - 6:03
2 - 39% - 40% - 3:49
PK3 Forward
1 - 0% - 60%
2 - 0% - 40%
PK3 Defense
1 - 0% - 60%
2 - 0% - 40%
44 Forward
1 - 0% - 60%
2 - 0% - 40%
44 Defense
1 - 0% - 60%
2 - 0% - 40%
Last Minute Offensive - 0:00
Last Minute Defensive - 0:00
Total
Forward - 60:00
Defense - 60:00
|
% Time on Ice - Marlies
Lines # - Real PCT - Wanted PCT - Time Play
Normal Forward
1 - 35% - 40% - 15:49
2 - 28% - 30% - 12:49
3 - 17% - 20% - 7:48
4 - 19% - 10% - 8:43
Normal Defense
1 - 40% - 40% - 18:12
2 - 32% - 30% - 14:18
3 - 26% - 20% - 11:42
4 - 2% - 10% - 0:57
PP Forward
1 - 54% - 60% - 5:18
2 - 46% - 40% - 4:34
PP Defense
1 - 59% - 60% - 5:52
2 - 41% - 40% - 4:00
PK Forward
1 - 59% - 60% - 2:56
2 - 41% - 40% - 2:03
PK Defense
1 - 70% - 60% - 3:28
2 - 30% - 40% - 1:31
PK3 Forward
1 - 0% - 60%
2 - 0% - 40%
PK3 Defense
1 - 0% - 60%
2 - 0% - 40%
44 Forward
1 - 0% - 60%
2 - 0% - 40%
44 Defense
1 - 0% - 60%
2 - 0% - 40%
Last Minute Offensive - 0:00
Last Minute Defensive - 0:00
Total
Forward - 60:00
Defense - 60:00
|
Play-by-Play
1st period
0:01 of 1st period - Zack Hamill wins face-off versus Pavel Zacha in neutral zone.
0:34 of 1st period - Icing by Neal Pionk.
0:35 of 1st period - Aleksi Saarela wins face-off versus John Quenneville in Marlies zone.
0:46 of 1st period - Snap shot by Nikita Gusev.
0:46 of 1st period - Shot Misses the Net.
0:48 of 1st period - Slapshot by Nikita Gusev.
0:48 of 1st period - Shot Misses the Net.
1:02 of 1st period - Haydn Fleury is hit by Anton Blidh and loses puck.
1:07 of 1st period - Snap shot by Michael Joly.
1:07 of 1st period - Deflect By Daniel Audette.
1:07 of 1st period - Shot Misses the Net.
1:07 of 1st period - Puck is out of play.
1:08 of 1st period - Radek Faksa wins face-off versus Logan Brown in Marlies zone.
1:20 of 1st period - Off-side.
1:21 of 1st period - Zack Hamill wins face-off versus Pavel Zacha in neutral zone.
1:31 of 1st period - Slapshot by Nick Ritchie.
1:31 of 1st period - Shot Blocked by Tyler Bertuzzi.
1:58 of 1st period - Snap shot by Carter Ashton.
1:58 of 1st period - Stopped by Charlie Lindgren with a rebound.
2:36 of 1st period - Snap shot by Logan Brown.
2:36 of 1st period - Shot Blocked by Noah Juulsen.
2:38 of 1st period - Slapshot by Brett Pesce.
2:38 of 1st period - Goal by Brett Pesce - Punishers : 0 - Marlies : 1.
2:39 of 1st period - Pavel Zacha wins face-off versus Zack Hamill in neutral zone.
3:01 of 1st period - Icing by Anton Blidh.
3:02 of 1st period - Colton Sissons wins face-off versus Radek Faksa in Punishers zone.
3:03 of 1st period - Snap shot by Linden Vey.
3:03 of 1st period - Stopped by Louis Domingue with a rebound.
3:53 of 1st period - Wrist shot by JT Compher.
3:53 of 1st period - Shot Misses the Net.
4:15 of 1st period - Slapshot by Neal Pionk.
4:15 of 1st period - Stopped by Louis Domingue without a rebound.
4:16 of 1st period - Pavel Zacha wins face-off versus Radek Faksa in Punishers zone.
4:45 of 1st period - Icing by JT Compher.
4:46 of 1st period - Aleksi Saarela wins face-off versus Zack Hamill in Marlies zone.
4:51 of 1st period - Brett Pesce is hit by Fredrik Claesson and loses puck.
5:07 of 1st period - Minor Penalty to Aleksi Saarela for Interference.
5:08 of 1st period - Zack Hamill wins face-off versus Colton Sissons in Marlies zone.
6:26 of 1st period - Carter Ashton is hit by Brett Pesce.
6:42 of 1st period - Zack Hamill is hit by Linden Vey and loses puck.
7:07 of 1st period - Penalty to Aleksi Saarela is over, Aleksi Saarela is back on ice.
7:16 of 1st period - Fredrik Claesson is hit by Tyler Benson and loses puck.
7:24 of 1st period - Off-side.
7:25 of 1st period - Aleksi Saarela wins face-off versus Daniel Audette in neutral zone.
7:30 of 1st period - Ben Betker is hit by Shane Prince.
8:01 of 1st period - Slapshot by Neal Pionk.
8:01 of 1st period - Stopped by Louis Domingue with a rebound.
8:17 of 1st period - Wrist shot by Nick Ritchie.
8:17 of 1st period - Stopped by Louis Domingue with a rebound.
9:18 of 1st period - Icing by Nicholas Baptiste.
9:19 of 1st period - Zack Hamill wins face-off versus Pavel Zacha in Marlies zone.
9:30 of 1st period - Snap shot by Zack Hamill.
9:30 of 1st period - Stopped by Charlie Lindgren with a rebound.
9:48 of 1st period - Wrist shot by Pavel Zacha.
9:48 of 1st period - Shot Blocked by Radek Faksa.
9:50 of 1st period - Minor Penalty to Fredrik Claesson for Roughing.
9:51 of 1st period - Zack Hamill wins face-off versus Colton Sissons in Punishers zone.
9:51 of 1st period - Zack Hamill is hit by Neal Pionk.
10:29 of 1st period - Wrist shot by Nicholas Baptiste.
10:29 of 1st period - Shot Misses the Net.
10:52 of 1st period - Icing by Nick Ritchie.
10:53 of 1st period - Pavel Zacha wins face-off versus Tyler Bertuzzi in Marlies zone.
11:50 of 1st period - Penalty to Fredrik Claesson is over, Fredrik Claesson is back on ice.
12:54 of 1st period - Radek Faksa is hit by Colton Sissons and loses puck.
13:13 of 1st period - Snap shot by Nikita Gusev.
13:13 of 1st period - Shot Misses the Net.
13:19 of 1st period - Haydn Fleury is hit by Austen Brassard and loses puck.
13:51 of 1st period - Artem Zub is hit by Johan Larsson and loses puck.
14:08 of 1st period - Wrist shot by Linden Vey.
14:08 of 1st period - Shot Misses the Net.
14:10 of 1st period - Backhand shot by Neal Pionk.
14:10 of 1st period - Stopped by Louis Domingue with a rebound.
14:12 of 1st period - Slapshot by Neal Pionk.
14:12 of 1st period - Shot Blocked by Tyler Bertuzzi.
14:22 of 1st period - Neal Pionk is hit by John Quenneville and loses puck.
14:47 of 1st period - Slapshot by Ben Betker.
14:47 of 1st period - Deflect By Anton Blidh.
14:47 of 1st period - Stopped by Charlie Lindgren with a rebound.
14:49 of 1st period - Slapshot by Michael Joly.
14:49 of 1st period - Deflect By Daniel Audette.
14:49 of 1st period - Shot Blocked by Jeff Corbett.
14:49 of 1st period - Puck is out of play.
14:50 of 1st period - Pavel Zacha wins face-off versus Daniel Audette in Marlies zone.
14:50 of 1st period - Pavel Zacha is hit by Anton Blidh.
15:14 of 1st period - Wrist shot by Zack Hamill.
15:14 of 1st period - Stopped by Charlie Lindgren with a rebound.
15:16 of 1st period - Snap shot by Zack Hamill.
15:16 of 1st period - Stopped by Charlie Lindgren with a rebound.
15:18 of 1st period - Slapshot by Tyler Bertuzzi.
15:18 of 1st period - Goal by Tyler Bertuzzi - Punishers : 1 - Marlies : 1.
15:19 of 1st period - Tyler Bertuzzi wins face-off versus Aleksi Saarela in neutral zone.
15:32 of 1st period - Snap shot by Aleksi Saarela.
15:32 of 1st period - Stopped by Louis Domingue without a rebound.
15:33 of 1st period - Zack Hamill wins face-off versus Pavel Zacha in Punishers zone.
15:48 of 1st period - Wrist shot by Zack Hamill.
15:48 of 1st period - Stopped by Charlie Lindgren without a rebound.
15:49 of 1st period - Aleksi Saarela wins face-off versus Radek Faksa in Marlies zone.
15:49 of 1st period - Aleksi Saarela is hit by Chrstian Dvorak.
16:24 of 1st period - Slapshot by Artem Zub.
16:24 of 1st period - Stopped by Charlie Lindgren without a rebound.
16:25 of 1st period - Zack Hamill wins face-off versus Pavel Zacha in Marlies zone.
16:30 of 1st period - Snap shot by Tyler Bertuzzi.
16:30 of 1st period - Stopped by Charlie Lindgren with a rebound.
16:33 of 1st period - Icing by Brett Pesce.
16:34 of 1st period - Zack Hamill wins face-off versus Pavel Zacha in Marlies zone.
17:02 of 1st period - Brett Pesce is hit by Tyler Bertuzzi and loses puck.
17:14 of 1st period - Snap shot by Corey Tropp.
17:14 of 1st period - Shot Misses the Net.
17:24 of 1st period - Wrist shot by Nicholas Baptiste.
17:24 of 1st period - Stopped by Louis Domingue with a rebound.
17:26 of 1st period - Wrist shot by Nicholas Baptiste.
17:26 of 1st period - Stopped by Louis Domingue with a rebound.
17:28 of 1st period - Slapshot by Brett Pesce.
17:28 of 1st period - Shot Blocked by Fredrik Claesson.
17:38 of 1st period - Snap shot by Nick Ritchie.
17:38 of 1st period - Shot Blocked by Fredrik Claesson.
17:40 of 1st period - Slapshot by Brett Pesce.
17:40 of 1st period - Stopped by Louis Domingue without a rebound.
17:41 of 1st period - Linden Vey wins face-off versus Radek Faksa in Punishers zone.
18:26 of 1st period - Wrist shot by Anton Blidh.
18:26 of 1st period - Stopped by Charlie Lindgren without a rebound.
18:27 of 1st period - Daniel Audette wins face-off versus Logan Brown in Marlies zone.
19:04 of 1st period - Wrist shot by Michael Joly.
19:04 of 1st period - Deflect By Daniel Audette.
19:04 of 1st period - Shot Misses the Net.
19:04 of 1st period - Puck is out of play.
19:05 of 1st period - Zack Hamill wins face-off versus Pavel Zacha in Marlies zone.
Goals for this period are 1 for Punishers vs 1 for Marlies.
Shots for this period are 10 for Punishers vs 10 for Marlies.
2nd period
0:01 of 2nd period - Zack Hamill wins face-off versus Pavel Zacha in neutral zone.
0:12 of 2nd period - Slapshot by Corey Tropp.
0:12 of 2nd period - Shot Misses the Net.
0:14 of 2nd period - Slapshot by Artem Zub.
0:14 of 2nd period - Shot Misses the Net.
0:16 of 2nd period - Snap shot by Tyler Bertuzzi.
0:16 of 2nd period - Shot Misses the Net.
0:33 of 2nd period - Slapshot by Neal Pionk.
0:33 of 2nd period - Deflect By JT Compher.
0:33 of 2nd period - Shot Misses the Net.
0:33 of 2nd period - Puck is out of play.
0:34 of 2nd period - Zack Hamill wins face-off versus Colton Sissons in Punishers zone.
1:15 of 2nd period - Minor Penalty to Ben Betker for Hooking.
1:16 of 2nd period - Corey Tropp wins face-off versus Pavel Zacha in Punishers zone.
1:53 of 2nd period - Radek Faksa is hit by Shane Prince and loses puck.
2:37 of 2nd period - Nicholas Baptiste is hit by Tyler Bertuzzi and loses puck.
3:06 of 2nd period - Colton Sissons is hit by Corey Tropp and loses puck.
3:15 of 2nd period - Penalty to Ben Betker is over, Ben Betker is back on ice.
3:21 of 2nd period - Jeff Corbett is hit by Tyler Bertuzzi and loses puck.
4:04 of 2nd period - Snap shot by Tyler Bertuzzi.
4:04 of 2nd period - Stopped by Charlie Lindgren with a rebound.
4:06 of 2nd period - Slapshot by Noah Juulsen.
4:06 of 2nd period - Shot Misses the Net.
4:08 of 2nd period - Wrist shot by Tyler Bertuzzi.
4:08 of 2nd period - Shot Misses the Net.
4:18 of 2nd period - Wrist shot by Tyler Bertuzzi.
4:18 of 2nd period - Shot Misses the Net.
4:20 of 2nd period - Snap shot by Radek Faksa.
4:20 of 2nd period - Shot Misses the Net.
4:22 of 2nd period - Snap shot by Radek Faksa.
4:22 of 2nd period - Shot Misses the Net.
4:28 of 2nd period - Slapshot by Radek Faksa.
4:28 of 2nd period - Stopped by Charlie Lindgren with a rebound.
4:30 of 2nd period - Wrist shot by Ben Betker.
4:30 of 2nd period - Stopped by Charlie Lindgren without a rebound.
4:31 of 2nd period - John Quenneville wins face-off versus Pavel Zacha in Marlies zone.
4:34 of 2nd period - Snap shot by Austen Brassard.
4:34 of 2nd period - Stopped by Charlie Lindgren without a rebound.
4:35 of 2nd period - John Quenneville wins face-off versus Pavel Zacha in Marlies zone.
5:00 of 2nd period - Snap shot by Anton Blidh.
5:00 of 2nd period - Shot Misses the Net.
5:02 of 2nd period - Wrist shot by Anton Blidh.
5:02 of 2nd period - Shot Blocked by Neal Pionk.
5:04 of 2nd period - Wrist shot by Anton Blidh.
5:04 of 2nd period - Shot Misses the Net.
5:06 of 2nd period - Slapshot by Michael Joly.
5:06 of 2nd period - Stopped by Charlie Lindgren without a rebound.
5:07 of 2nd period - Aleksi Saarela wins face-off versus Daniel Audette in Marlies zone.
5:12 of 2nd period - Artem Zub is hit by Aleksi Saarela and loses puck.
5:26 of 2nd period - Jeff Corbett is hit by Michael Joly and loses puck.
6:10 of 2nd period - Slapshot by Connor Clifton.
6:10 of 2nd period - Stopped by Charlie Lindgren without a rebound.
6:11 of 2nd period - Zack Hamill wins face-off versus Pavel Zacha in Marlies zone.
6:29 of 2nd period - Connor Clifton is hit by Neal Pionk and loses puck.
7:46 of 2nd period - Snap shot by Chrstian Dvorak.
7:46 of 2nd period - Shot Misses the Net.
7:49 of 2nd period - Icing by Brett Pesce.
7:50 of 2nd period - Radek Faksa wins face-off versus Logan Brown in Marlies zone.
8:13 of 2nd period - Snap shot by Nick Ritchie.
8:13 of 2nd period - Stopped by Louis Domingue without a rebound.
8:14 of 2nd period - Pavel Zacha wins face-off versus Zack Hamill in Punishers zone.
8:25 of 2nd period - Wrist shot by Nicholas Baptiste.
8:25 of 2nd period - Stopped by Louis Domingue without a rebound.
8:26 of 2nd period - Pavel Zacha wins face-off versus Tyler Bertuzzi in Punishers zone.
8:39 of 2nd period - Wrist shot by Zack Hamill.
8:39 of 2nd period - Shot Misses the Net.
8:41 of 2nd period - Snap shot by Zack Hamill.
8:41 of 2nd period - Deflect By Tyler Bertuzzi.
8:41 of 2nd period - Goal by Tyler Bertuzzi - Punishers : 2 - Marlies : 1.
8:42 of 2nd period - Zack Hamill wins face-off versus Pavel Zacha in neutral zone.
8:47 of 2nd period - Tyler Bertuzzi is hit by Neal Pionk and loses puck.
9:08 of 2nd period - Shane Prince is hit by Fredrik Claesson.
9:16 of 2nd period - Wrist shot by Aleksi Saarela.
9:16 of 2nd period - Goal by Aleksi Saarela - Punishers : 2 - Marlies : 2.
9:17 of 2nd period - Pavel Zacha wins face-off versus Zack Hamill in neutral zone.
11:08 of 2nd period - Ben Betker is hit by Lucas Carlsson and loses puck.
11:33 of 2nd period - Snap shot by John Quenneville.
11:33 of 2nd period - Shot Misses the Net.
11:35 of 2nd period - Slapshot by Artem Zub.
11:35 of 2nd period - Stopped by Charlie Lindgren without a rebound.
11:36 of 2nd period - Zack Hamill wins face-off versus Aleksi Saarela in Marlies zone.
11:37 of 2nd period - Wrist shot by Tyler Bertuzzi.
11:37 of 2nd period - Goal by Tyler Bertuzzi - Punishers : 3 - Marlies : 2.
11:38 of 2nd period - Pavel Zacha wins face-off versus Corey Tropp in neutral zone.
12:07 of 2nd period - Neal Pionk is hit by Chrstian Dvorak and loses puck.
12:46 of 2nd period - Tyler Benson is hit by Corey Tropp and loses puck.
13:01 of 2nd period - Minor Penalty to Noah Juulsen for Goalie Interference.
13:02 of 2nd period - Zack Hamill wins face-off versus Pavel Zacha in Punishers zone.
13:17 of 2nd period - Snap shot by Nicholas Baptiste.
13:17 of 2nd period - Shot Blocked by Ben Betker.
13:46 of 2nd period - JT Compher is hit by Radek Faksa and loses puck.
14:25 of 2nd period - Connor Clifton is hit by Haydn Fleury and loses puck.
15:01 of 2nd period - Penalty to Noah Juulsen is over, Noah Juulsen is back on ice.
15:08 of 2nd period - Snap shot by Logan Brown.
15:08 of 2nd period - Stopped by Louis Domingue with a rebound.
15:12 of 2nd period - Snap shot by Tyler Benson.
15:12 of 2nd period - Shot Misses the Net.
16:42 of 2nd period - Mathieu Olivier is hit by John Quenneville and loses puck.
16:55 of 2nd period - Fredrik Claesson is hit by Tim Erixon and loses puck.
17:22 of 2nd period - Artem Zub is hit by JT Compher and loses puck.
17:35 of 2nd period - Icing by Anton Blidh.
17:36 of 2nd period - Colton Sissons wins face-off versus Radek Faksa in Punishers zone.
17:50 of 2nd period - Colton Sissons is hit by Radek Faksa and loses puck.
18:07 of 2nd period - Wrist shot by Zack Hamill.
18:07 of 2nd period - Shot Blocked by Neal Pionk.
18:09 of 2nd period - Slapshot by Zack Hamill.
18:09 of 2nd period - Shot Blocked by Neal Pionk.
18:11 of 2nd period - Slapshot by Anton Blidh.
18:11 of 2nd period - Shot Blocked by Neal Pionk.
18:17 of 2nd period - Minor Penalty to Johan Larsson for Tripping.
18:18 of 2nd period - Zack Hamill wins face-off versus Colton Sissons in Marlies zone.
18:27 of 2nd period - Wrist shot by Zack Hamill.
18:27 of 2nd period - Shot Misses the Net.
19:10 of 2nd period - Off-side.
19:11 of 2nd period - Radek Faksa wins face-off versus Nicholas Baptiste in neutral zone.
19:18 of 2nd period - Wrist shot by Carter Ashton.
19:18 of 2nd period - Deflect By Chrstian Dvorak.
19:18 of 2nd period - Goal by Chrstian Dvorak - Punishers : 4 - Marlies : 2.
19:19 of 2nd period - Pavel Zacha wins face-off versus Tyler Bertuzzi in neutral zone.
19:46 of 2nd period - Radek Faksa is hit by JT Compher and loses puck.
19:54 of 2nd period - Wrist shot by Aleksi Saarela.
19:54 of 2nd period - Shot Blocked by Chrstian Dvorak.
Goals for this period are 3 for Punishers vs 1 for Marlies.
Shots for this period are 10 for Punishers vs 4 for Marlies.
3rd period
0:01 of 3rd period - Pavel Zacha wins face-off versus Zack Hamill in neutral zone.
0:06 of 3rd period - Wrist shot by Nick Ritchie.
0:06 of 3rd period - Goal by Nick Ritchie - Punishers : 4 - Marlies : 3.
0:07 of 3rd period - Zack Hamill wins face-off versus Pavel Zacha in neutral zone.
0:29 of 3rd period - Ben Betker is hit by Pavel Zacha and loses puck.
0:48 of 3rd period - Off-side.
0:49 of 3rd period - Aleksi Saarela wins face-off versus Radek Faksa in neutral zone.
0:54 of 3rd period - Backhand shot by JT Compher.
0:54 of 3rd period - Stopped by Louis Domingue with a rebound.
1:16 of 3rd period - Brett Pesce is hit by Noah Juulsen and loses puck.
1:21 of 3rd period - Snap shot by John Quenneville.
1:21 of 3rd period - Stopped by Charlie Lindgren without a rebound.
1:22 of 3rd period - Zack Hamill wins face-off versus Aleksi Saarela in Marlies zone.
1:29 of 3rd period - Wrist shot by Zack Hamill.
1:29 of 3rd period - Deflect By Tyler Bertuzzi.
1:29 of 3rd period - Shot Blocked by Neal Pionk.
1:29 of 3rd period - Puck is out of play.
1:30 of 3rd period - Zack Hamill wins face-off versus Aleksi Saarela in Marlies zone.
1:38 of 3rd period - Minor Penalty to Aleksi Saarela for Goalie Interference.
1:39 of 3rd period - Tyler Bertuzzi wins face-off versus Colton Sissons in Marlies zone.
2:04 of 3rd period - Haydn Fleury is hit by Ben Betker and loses puck.
3:09 of 3rd period - Radek Faksa is hit by Haydn Fleury.
3:25 of 3rd period - Linden Vey is hit by Ben Betker and loses puck.
3:38 of 3rd period - Penalty to Aleksi Saarela is over, Aleksi Saarela is back on ice.
4:05 of 3rd period - Austen Brassard is hit by Tyler Benson and loses puck.
4:54 of 3rd period - Snap shot by John Quenneville.
4:54 of 3rd period - Shot Misses the Net.
5:04 of 3rd period - Wrist shot by Nikita Gusev.
5:04 of 3rd period - Stopped by Charlie Lindgren with a rebound.
5:06 of 3rd period - Slapshot by Fredrik Claesson.
5:06 of 3rd period - Shot Blocked by Mathieu Olivier.
5:08 of 3rd period - Slapshot by Noah Juulsen.
5:08 of 3rd period - Shot Blocked by Mathieu Olivier.
5:20 of 3rd period - Lucas Carlsson is hit by Connor Clifton and loses puck.
5:27 of 3rd period - Snap shot by John Quenneville.
5:27 of 3rd period - Stopped by Charlie Lindgren with a rebound.
5:29 of 3rd period - Backhand shot by Fredrik Claesson.
5:29 of 3rd period - Shot Blocked by Lucas Carlsson.
5:31 of 3rd period - Slapshot by Fredrik Claesson.
5:31 of 3rd period - Shot Misses the Net.
5:33 of 3rd period - Snap shot by Austen Brassard.
5:33 of 3rd period - Stopped by Charlie Lindgren without a rebound.
5:34 of 3rd period - Zack Hamill wins face-off versus Shane Prince in Marlies zone.
5:37 of 3rd period - Wrist shot by Tyler Bertuzzi.
5:37 of 3rd period - Stopped by Charlie Lindgren without a rebound.
5:38 of 3rd period - Aleksi Saarela wins face-off versus Zack Hamill in Marlies zone.
5:49 of 3rd period - Wrist shot by Tyler Bertuzzi.
5:49 of 3rd period - Stopped by Charlie Lindgren without a rebound.
5:50 of 3rd period - Pavel Zacha wins face-off versus Zack Hamill in Marlies zone.
5:59 of 3rd period - Snap shot by Pavel Zacha.
5:59 of 3rd period - Shot Misses the Net.
6:01 of 3rd period - Snap shot by Nicholas Baptiste.
6:01 of 3rd period - Shot Misses the Net.
6:03 of 3rd period - Snap shot by Nick Ritchie.
6:03 of 3rd period - Shot Misses the Net.
6:05 of 3rd period - Snap shot by Nicholas Baptiste.
6:05 of 3rd period - Stopped by Louis Domingue with a rebound.
6:12 of 3rd period - Icing by Artem Zub.
6:13 of 3rd period - Radek Faksa wins face-off versus Aleksi Saarela in Punishers zone.
6:20 of 3rd period - Slapshot by Brett Pesce.
6:20 of 3rd period - Deflect By Aleksi Saarela.
6:20 of 3rd period - Shot Blocked by Artem Zub.
6:20 of 3rd period - Puck is out of play.
6:21 of 3rd period - Zack Hamill wins face-off versus Pavel Zacha in Punishers zone.
6:26 of 3rd period - Slapshot by Corey Tropp.
6:26 of 3rd period - Deflect By Tyler Bertuzzi.
6:26 of 3rd period - Stopped by Charlie Lindgren without a rebound.
6:27 of 3rd period - Pavel Zacha wins face-off versus Corey Tropp in Marlies zone.
6:27 of 3rd period - Nick Ritchie is hit by Artem Zub and loses puck.
6:51 of 3rd period - Artem Zub is hit by Nick Ritchie and loses puck.
7:02 of 3rd period - Wrist shot by Corey Tropp.
7:02 of 3rd period - Goal by Corey Tropp - Punishers : 5 - Marlies : 3.
7:03 of 3rd period - Radek Faksa wins face-off versus Aleksi Saarela in neutral zone.
7:30 of 3rd period - Pavel Zacha is hit by Corey Tropp.
7:36 of 3rd period - Slapshot by Zack Hamill.
7:36 of 3rd period - Shot Misses the Net.
7:38 of 3rd period - Wrist shot by Zack Hamill.
7:38 of 3rd period - Stopped by Charlie Lindgren without a rebound.
7:39 of 3rd period - Zack Hamill wins face-off versus Pavel Zacha in Marlies zone.
7:52 of 3rd period - Slapshot by Zack Hamill.
7:52 of 3rd period - Shot Misses the Net.
8:04 of 3rd period - Snap shot by Carter Ashton.
8:04 of 3rd period - Shot Blocked by JT Compher.
8:10 of 3rd period - Slapshot by Brett Pesce.
8:10 of 3rd period - Stopped by Louis Domingue with a rebound.
8:12 of 3rd period - Snap shot by Shane Prince.
8:12 of 3rd period - Shot Misses the Net.
8:56 of 3rd period - Wrist shot by Nicholas Baptiste.
8:56 of 3rd period - Shot Misses the Net.
9:06 of 3rd period - Snap shot by Linden Vey.
9:06 of 3rd period - Stopped by Louis Domingue without a rebound.
9:07 of 3rd period - Zack Hamill wins face-off versus Colton Sissons in Punishers zone.
9:59 of 3rd period - Slapshot by Michael Joly.
9:59 of 3rd period - Shot Misses the Net.
10:01 of 3rd period - Wrist shot by Daniel Audette.
10:01 of 3rd period - Shot Blocked by Aleksi Saarela.
10:03 of 3rd period - Slapshot by Connor Clifton.
10:03 of 3rd period - Deflect By Michael Joly.
10:03 of 3rd period - Stopped by Charlie Lindgren without a rebound.
10:04 of 3rd period - Zack Hamill wins face-off versus Pavel Zacha in Marlies zone.
10:19 of 3rd period - Slapshot by Haydn Fleury.
10:19 of 3rd period - Stopped by Louis Domingue with a rebound.
10:31 of 3rd period - Snap shot by Nikita Gusev.
10:31 of 3rd period - Deflect By Austen Brassard.
10:31 of 3rd period - Shot Misses the Net.
10:31 of 3rd period - Puck is out of play.
10:32 of 3rd period - John Quenneville wins face-off versus Aleksi Saarela in Marlies zone.
10:41 of 3rd period - Slapshot by Brett Pesce.
10:41 of 3rd period - Deflect By JT Compher.
10:41 of 3rd period - Shot Blocked by Noah Juulsen.
10:41 of 3rd period - Puck is out of play.
10:42 of 3rd period - Zack Hamill wins face-off versus Pavel Zacha in Punishers zone.
11:03 of 3rd period - Minor Penalty to Corey Tropp for Hooking.
11:04 of 3rd period - Pavel Zacha wins face-off versus Zack Hamill in Punishers zone.
11:07 of 3rd period - Snap shot by Nicholas Baptiste.
11:07 of 3rd period - Stopped by Louis Domingue with a rebound.
11:09 of 3rd period - Snap shot by Neal Pionk.
11:09 of 3rd period - Stopped by Louis Domingue without a rebound.
11:10 of 3rd period - Zack Hamill wins face-off versus Pavel Zacha in Punishers zone.
13:03 of 3rd period - Penalty to Corey Tropp is over, Corey Tropp is back on ice.
13:19 of 3rd period - Snap shot by Tyler Benson.
13:19 of 3rd period - Shot Blocked by Ben Betker.
13:25 of 3rd period - Snap shot by Zack Hamill.
13:25 of 3rd period - Shot Misses the Net.
13:27 of 3rd period - Snap shot by Corey Tropp.
13:27 of 3rd period - Deflect By Zack Hamill.
13:27 of 3rd period - Stopped by Charlie Lindgren with a rebound.
13:31 of 3rd period - Snap shot by Corey Tropp.
13:31 of 3rd period - Shot Blocked by Lucas Carlsson.
13:33 of 3rd period - Snap shot by Corey Tropp.
13:33 of 3rd period - Shot Misses the Net.
13:35 of 3rd period - Wrist shot by Corey Tropp.
13:35 of 3rd period - Shot Misses the Net.
13:41 of 3rd period - Wrist shot by Corey Tropp.
13:41 of 3rd period - Stopped by Charlie Lindgren without a rebound.
13:42 of 3rd period - Radek Faksa wins face-off versus Aleksi Saarela in Marlies zone.
14:12 of 3rd period - Snap shot by Neal Pionk.
14:12 of 3rd period - Shot Misses the Net.
14:32 of 3rd period - Wrist shot by Nick Ritchie.
14:32 of 3rd period - Shot Blocked by Connor Clifton.
14:34 of 3rd period - Slapshot by Haydn Fleury.
14:34 of 3rd period - Shot Blocked by Anton Blidh.
14:36 of 3rd period - Slapshot by Neal Pionk.
14:36 of 3rd period - Shot Blocked by Connor Clifton.
14:38 of 3rd period - Snap shot by Nicholas Baptiste.
14:38 of 3rd period - Deflect By Pavel Zacha.
14:38 of 3rd period - Shot Blocked by Anton Blidh.
14:38 of 3rd period - Puck is out of play.
14:39 of 3rd period - Radek Faksa wins face-off versus Pavel Zacha in Punishers zone.
14:39 of 3rd period - Radek Faksa is hit by Pavel Zacha.
15:18 of 3rd period - John Quenneville is hit by Colton Sissons and loses puck.
15:49 of 3rd period - Artem Zub is hit by Mathieu Olivier and loses puck.
17:01 of 3rd period - Brett Pesce is hit by Artem Zub and loses puck.
17:10 of 3rd period - Radek Faksa is hit by Pavel Zacha and loses puck.
17:42 of 3rd period - Snap shot by Anton Blidh.
17:42 of 3rd period - Deflect By Jeff Corbett.
17:42 of 3rd period - Stopped by Charlie Lindgren with a rebound.
17:44 of 3rd period - Slapshot by Connor Clifton.
17:44 of 3rd period - Stopped by Charlie Lindgren with a rebound.
17:54 of 3rd period - Snap shot by Aleksi Saarela.
17:54 of 3rd period - Stopped by Louis Domingue with a rebound.
17:56 of 3rd period - Slapshot by Shane Prince.
17:56 of 3rd period - Shot Misses the Net.
17:58 of 3rd period - Slapshot by Lucas Carlsson.
17:58 of 3rd period - Shot Misses the Net.
18:03 of 3rd period - Minor Penalty to Nikita Gusev for High sticking.
18:04 of 3rd period - Pavel Zacha wins face-off versus Zack Hamill in Punishers zone.
18:20 of 3rd period - Snap shot by Nick Ritchie.
18:20 of 3rd period - Stopped by Louis Domingue without a rebound.
18:21 of 3rd period - Pavel Zacha wins face-off versus Zack Hamill in Punishers zone.
18:22 of 3rd period - Wrist shot by Nick Ritchie.
18:22 of 3rd period - Stopped by Louis Domingue with a rebound.
18:47 of 3rd period - Ben Betker is hit by Neal Pionk and loses puck.
19:10 of 3rd period - Nick Ritchie is hit by Zack Hamill and loses puck.
19:47 of 3rd period - Neal Pionk is hit by Gabriel Gagne and loses puck.
Goals for this period are 1 for Punishers vs 1 for Marlies.
Shots for this period are 14 for Punishers vs 11 for Marlies.